AoeStats
← Rafaelbdoo

Migration

505376905Analyzed
1v1 RM · 24d ago on Sep 9, 2026· 63m 7s· 2 players
Game mode
Random Map
Map size
132×132
Population
200
Speed
Normal
Resources
Standard
Victory
Conquest
Starting age
Dark Age
Ending age
Imperial Age
RankedLock teamsTeams togetherTeam positionsShared explorationLock speedFull tech treeHidden civsTurbo modeCheats
Victory
Defeat
🇨🇳 Spanish · China
549
+22
🇧🇷 Byzantines · Brazil
679
-35
4****6485
11:48 Feudal Age
13:05 Wheelbarrow
12:12 Horse Collar
12:25 Double-Bit Axe
15:24 Gold Mining
16:16 Fishing Lines
21:25 Castle Age
19:56 Fletching
21:05 Bloodlines
21:12 Forging
21:08 Scale Barding Armor
21:01 Stone Mining
22:33 Bodkin Arrow
23:14 Hand Cart
23:11 Bow Saw
23:53 Medium Warships
23:36 Gillnets
26:16 Heavy Plow
29:48 Town Watch
30:27 Ballistics
30:46 Iron Casting
30:32 Chain Barding Armor
31:08 Town Patrol
33:55 Imperial Age
32:24 Stone Shaft Mining
32:02 Masonry
32:55 Murder Holes
33:13 Careening
34:34 Padded Archer Armor
34:46 Clinker Construction
36:29 Chemistry
36:51 Architecture
36:46 Dry Dock
37:27 Heavy Warships
38:57 Elite Cannon Galleon
41:41 Elite Conquistador
42:55 Carvel Hull
43:01 Shipwright
50:50 Cavalier
52:08 Husbandry
58:30 Paladin
Rafaelbdoo
15:01 Feudal Age
15:37 Fishing Lines
17:48 Wheelbarrow
23:13 Castle Age
22:47 Fletching
23:12 Forging
23:09 Scale Barding Armor
24:23 Medium Warships
24:52 Iron Casting
27:17 Hand Cart
29:07 Double-Bit Axe
29:48 Chain Barding Armor
30:07 Horse Collar
31:30 Scale Mail Armor
31:36 Fletching
31:47 Padded Archer Armor
35:28 Bodkin Arrow
36:19 Murder Holes
36:06 Treadmill Crane
36:47 Ballistics
36:40 Fortified Wall
39:41 Imperial Age
40:15 Clinker Construction
39:58 Guard Tower
41:35 Husbandry
42:45 Plate Barding Armor
42:07 Stone Mining
42:54 Conscription
44:07 Hoardings
43:45 Logistica
45:52 Greek Fire
47:04 Elite Skirmisher
58:36 Loom
58:37 Pikeman
59:40 Squires
Connection lost

Rejoining the realm…

Still unreachable

The connection could not be restored.

Session expired

The server has moved on; the page needs a fresh start.